 Dungeon Crawl Stone Soup version 0.29-a0-559-g359e09b9d1 (webtiles) character file.

Game seed: 11824608801399889824

427 frimble the Chiller (level 7, -1/59 HPs)
             Began as a Meteoran Ice Elementalist on June 10, 2022.
             Slain by Duvessa
             ... wielding a +0 short sword
              (3 damage)
             ... on level 4 of the Dungeon.
             The game lasted 00:05:19 (1388 turns).

frimble the Chiller (Meteoran Ice Elementalist)     Turns: 1388, Time: 00:05:19

Health: -1/59      AC:  9    Str:  9    XL:     7   Next: 42%
Magic:  1/4        EV: 13    Int: 18    God:
Gold:   123        SH:  0    Dex: 16    Spells: 5/12 levels left

rFire   . . .      SeeInvis .   m - +6 dagger "Kihar" {antimagic, *Rage rN++}
rCold   + . .      Faith    .   (no shield)
rNeg    + + .      Spirit   .   a - +0 robe
rPois   +          Reflect  .   (no helmet)
rElec   .          Harm     .   (no cloak)
rCorr   .          Rampage  .   (no gloves)
Will    .....      Rage     20% (no boots)
Stlth   +.........              (no amulet)
HPRegen 0.19/turn               d - ring of protection from cold
MPRegen 0.09/turn               f - ring of poison resistance

@: ice-armoured, glowing
A: sense surroundings 1, otherworldly, glowing, explore regen
a: no special abilities


You were on level 4 of the Dungeon.
You visited 1 branch of the dungeon, and saw 4 of its levels.

You collected 123 gold pieces.

Inventory:

Hand Weapons
 m - the +6 dagger "Kihar" (weapon) {antimagic, *Rage rN++}
   (You found it on level 2 of the Dungeon)

   It reduces the magical energy of the wielder, and disrupts the spells and
   magical abilities of those it strikes.
   Natural abilities and divine invocations are not affected.
   rN:        It greatly protects you from negative energy.
   *Rage:     It berserks you when you make melee attacks (+20% chance).
Armour
 a - a +0 robe (worn)
Jewellery
 c - a ring of fire
 d - a ring of protection from cold (left hand)
 f - a ring of poison resistance (right hand)
Scrolls
 j - a scroll of identify {unknown}
 l - a scroll of poison {unknown}
 p - a scroll of magic mapping {unknown}
 q - a scroll of fog {unknown}
 s - a scroll of noise {unknown}
Potions
 b - a potion of magic
 e - a potion of resistance {unknown}
 g - a potion of brilliance {unknown}
 h - 2 potions of berserk rage {unknown}
 i - a potion of curing {unknown}
 k - 2 potions of cancellation {unknown}
 n - 2 potions of heal wounds {unknown}
 o - a potion of might {unknown}
 r - 2 potions of attraction {unknown}


   Skills:
 - Level 4.1 Fighting
 - Level 3.0 Dodging
 - Level 1.9 Stealth
 - Level 3.2 Spellcasting
 + Level 7.0 Ice Magic


You had 5 spell levels left.
You knew the following spells:

 Your Spells              Type           Power      Damage    Failure   Level
a - Freeze                Ice            100%       1d11      1%          1
b - Frozen Ramparts       Ice            56%        1d7       2%          3
c - Ozocubu's Armour      Ice            28%        N/A       2%          3

Your spell library contained the following spells:

 Spells                   Type           Power      Damage    Failure   Level
 Ensorcelled Hibernation  Hex/Ice        30%        N/A       5%          2
 Passwall                 Tmut/Erth      1%         N/A       24%         2
 Hailstorm                Conj/Ice       15%        3d5       36%         4
 Gell's Gravitas          Tloc           2%         N/A       43%         3
 Swiftness                Air            2%         N/A       43%         3
 Teleport Other           Tloc           2%         N/A       43%         3
 Dispersal                Tloc           1%         N/A       100%        6


Dungeon Overview and Level Annotations

Branches:
Dungeon (4/15)
 Temple: D:4-7

Altars:
Fedhas
Vehumet

Shops:
D:2 :

Annotations:
D:3 1 runed translucent door
D:4 Duvessa


Innate Abilities, Weirdness & Mutations

You passively map a small area around you.
You are easily found by Zot.
You glow in the dark.
You regain HP and MP as you explore.


Message History

Duvessa is severely wounded.
Duvessa resists.
The wall freezes Duvessa.
Duvessa hits you but does no damage.
Casting: Freeze (safe; 1% risk of failure)
Confirm with . or Enter, or press ? or * to list all spells.
Aiming: Freeze (safe; 1% risk of failure)
Press: ? - help, Shift-Dir - straight line, f/p - Duvessa
Aim: Duvessa, wielding a +0 short sword and wearing a +1 leather armour of cold resistance (severely wounded, berserk)
You freeze Duvessa but do no damage.
Duvessa completely resists.
Duvessa resists.
The wall freezes Duvessa.
Duvessa completely misses you.
Duvessa resists.
The wall freezes Duvessa.
Duvessa barely misses you.
You aren't carrying any items that you can evoke.
You feel magic leave you.
m - the +6 dagger "Kihar" (weapon)
{antimagic, *Rage rN++} The frozen ramparts melt away.
You hit Duvessa.
Duvessa is almost dead.
Duvessa barely misses you. The adder bites you.
* * * LOW HITPOINT WARNING * * *
Duvessa misses you.
You hit Duvessa.
Duvessa is almost dead.
The adder closely misses you. Duvessa completely misses you.
The adder misses you.
Okay, then.
You barely miss Duvessa.
Duvessa is almost dead.
Duvessa hits you with a +0 short sword.
* * * LOW HITPOINT WARNING * * *
The adder bites you.
* * * LOW HITPOINT WARNING * * *
Duvessa hits you but does no damage.
You hit Duvessa but do no damage.
Duvessa is almost dead.
Duvessa closely misses you. The adder closely misses you.
You hit Duvessa.
Duvessa is almost dead.
Duvessa hits you with a +0 short sword!
* * * LOW HITPOINT WARNING * * *
The adder misses you. Duvessa hits you with a +0 short sword.
You die...

*.#...#..^#...#...##
##.#.#.#.#[#.#.#..#
#...#...#...#.....#*
####.#.#.#.#.#.#.#....
##.#.#...#...#...#...##
...#.#.#.#.#.#.#.#..#
....#...#...#.....# ,
#e#.#.#.#.#.#.##... ,
#@..#...#...#.###. , ,
,*#.#S#.#.#.#.#.## . *
#...#J..#...#...#*
##.#.#.#.#.#.#.#.., *
#.#...#...#...#..# *
#..#.# #.#.#.#.##
#.#.., ...#####* *
#?... ,,*... , ###.. ,
.###


You could see Duvessa (berserk), a jelly and an adder.

Vanquished Creatures
  The ghost of DocClef the Covert, an amateur GnDe (D:3)
  A necrophage (D:4)
  Dowan (D:4)
  A howler monkey (D:4)
  2 orc wizards (D:3)
  2 river rats (D:3)
  A worm (D:2)
  3 dart slugs
  3 orcs (D:3)
  7 ball pythons
  4 bats
  2 endoplasms
  4 giant cockroaches
  5 goblins
  3 hobgoblins
  A jackal (D:2)
  5 kobolds
  3 quokkas
  7 frilled lizards
  2 rats
58 creatures vanquished.

Vanquished Creatures (others)
  7 toadstools (D:1)
7 creatures vanquished.

Grand Total: 65 creatures vanquished

Notes
Turn   | Place    | Note
-------+----------+-------------------------------------------
     0 | D:1      | frimble the Meteoran Ice Elementalist began the quest for
                  | the Orb.
     0 | D:1      | Reached XP level 1. HP: 14/14 MP: 5/5
   119 | D:1      | Reached XP level 2. HP: 18/20 MP: 1/6
   262 | D:1      | Reached XP level 3. HP: 26/26 MP: 6/8
   377 | D:2      | Learned a level 3 spell: Frozen Ramparts
   381 | D:2      | Learned a level 3 spell: Ozocubu's Armour
   623 | D:2      | Found Founoy's Book Shop.
   655 | D:1      | Reached XP level 4. HP: 32/34 MP: 6/9
   842 | D:3      | Reached skill level 1 in Fighting
   842 | D:3      | Reached skill level 5 in Ice Magic
   848 | D:3      | Reached XP level 5. HP: 36/41 MP: 2/10
   894 | D:2      | Identified the +6 dagger "Kihar" {antimagic, *Rage rN++}
   932 | D:3      | Found a blossoming altar of Fedhas.
  1048 | D:3      | Found a runed translucent door.
  1051 | D:3      | Noticed DocClef's ghost (amateur GnDe)
  1072 | D:3      | Killed DocClef's ghost
  1073 | D:3      | Reached skill level 6 in Ice Magic
  1073 | D:3      | Reached XP level 6. HP: 25/52 MP: 2/11
  1079 | D:3      | Found a runed translucent door.
  1244 | D:3      | Found a faded altar of an unknown god.
  1284 | D:4      | Reached XP level 7. HP: 45/59 MP: 1/12
  1330 | D:4      | Found a radiant altar of Vehumet.
  1370 | D:4      | Noticed Duvessa
  1372 | D:4      | Noticed Dowan
  1378 | D:4      | Killed Dowan
  1379 | D:4      | Reached skill level 7 in Ice Magic
  1388 | D:4      | HP: 2/59 [Duvessa/+0 short sword (8)]
  1388 | D:4      | Slain by Duvessa

Illustrated notes

Levels and vault maps discovered:
D:1:      nagdon_arrival_double_spiral, layout_loops_ring
D:2:      kennysheep_big_flooded_room, layout_loops_ring, serial_shops,
          nicolae_shop_advertising_works [nicolae_subvault_shop_adworks]
D:3:      layout_rooms, overflow_temple_1_default, mainiacjoe_overflow_brackets,
          shapermc_ecumenical_altar_flowoftime, ebering_ghost_sewer_f
D:4:      layout_loops_cross, nicolae_qazlal_general_emergency,
          lemuel_doored_altar, kennysheep_crisscross, uniq_eustachio,
          uniq_duvessa

Skill      XL: |  1  2  3  4  5  6  7 |
---------------+----------------------+-----
Spellcasting   | 3 |  3.2
Dodging        | 3 |  3.0
Fighting       | 2 3 4 |  4.1
Ice Magic      | 5 6 7 |  7.0
Stealth        | |  1.9

Action                   |  1- 3 |  4- 6 |  7- 9 || total
-------------------------+-------+-------+-------++-------
Melee: Unarmed           |    14 |     6 |       ||    20
       Dagger            |       |     6 |     5 ||    11
       Punch             |       |     1 |       ||     1
 Cast: Freeze            |    42 |    23 |    14 ||    79
       Ozocubu's Armour  |     1 |     3 |     1 ||     5
       Frozen Ramparts   |       |     4 |     1 ||     5
  Use: Scroll            |       |     1 |       ||     1
Armor: Robe              |    13 |    12 |     6 ||    31
Dodge: Dodged            |    21 |    19 |    12 ||    52

Table legend: (Time is in decaauts)
 A = Elapsed time spent in this place.
 B = Non-inter-level travel time spent in this place.
 C = Inter-level travel time spent in this place.
 D = Time resting spent in this place.
 E = Time spent auto-exploring this place.
 F = Levels seen in this place.
 G = Mean time per level.
                   A        B        C        D        E       F      G
               +--------+--------+--------+--------+--------+-----+--------+
         Total |   1388 |   1209 |    179 |      0 |    845 |   4 |  347.0 |
       Dungeon |   1388 |   1209 |    179 |      0 |    845 |   4 |  347.0 |
               +--------+--------+--------+--------+--------+-----+--------+

Top non-repeatable levels by time:
     D:2: 467 daAuts
     D:3: 430 daAuts
     D:1: 379 daAuts
     D:4: 112 daAuts
